 Dungeon Crawl Stone Soup version 0.20-a0-1089-g3fde505 (webtiles) character file.

146 Alarkh the Chopper (level 5, 41/41 HPs)
             Began as a Demonspawn Berserker on May 3, 2017.
             Was a Believer of Trog.
             Got out of the dungeon alive.
             The game lasted 00:01:49 (2556 turns).

Alarkh the Chopper (Demonspawn Berserker)           Turns: 2556, Time: 00:01:50

Health: 41/41      AC:  2    Str: 18    XL:     5   Next: 7%
Magic:  5/5        EV: 12    Int:  9    God:    Trog [**....]
Gold:   70         SH:  0    Dex: 12    Spells: 4/4 levels left

rFire    . . .     SeeInvis .   a - +0 hand axe
rCold    . . .     Gourm    .   (no shield)
rNeg     . . .     Faith    .   b - +0 animal skin
rPois    .         Spirit   .   (no helmet)
rElec    .         Reflect  .   (no cloak)
rCorr    .         Harm     .   (no gloves)
MR       .....                  (no boots)
Stlth    +.........             (no amulet)
Regen    0.2/turn               (no ring)
MPRegen  0.1/turn               (no ring)

@: no status effects
A: spiny 1, sturdy frame 1
a: Berserk, Trog's Hand, Burn Spellbooks, Renounce Religion


You escaped.
You worshipped Trog.
Trog was pleased with you.
You were not hungry.

You visited 1 branch of the dungeon, and saw 2 of its levels.

You collected 70 gold pieces.

Inventory:

Hand Weapons
 a - a +0 hand axe (weapon)
Armour
 b - a +0 animal skin (worn)
Jewellery
 g - an uncursed ring of protection from fire {unknown}
Scrolls
 d - a scroll of enchant weapon {unknown}
 e - a scroll of identify {unknown}
 k - 2 scrolls of magic mapping {unknown}
 m - 2 scrolls of remove curse {unknown}
Potions
 f - a potion of lignification {unknown}
 h - a potion of brilliance {unknown}
Comestibles
 c - 2 bread rations
 i - a royal jelly
 j - a fruit


   Skills:
 - Level 3.0 Fighting
 + Level 5.3 Axes
 - Level 1.7 Armour
 - Level 1.7 Dodging


You had 4 spell levels left.
You didn't know any spells.

Dungeon Overview and Level Annotations

Branches:
Dungeon (2/15)

Altars:


Innate Abilities, Weirdness & Mutations

You are partially covered in sharp spines.
Your movements are slightly less encumbered by armour. (ER -2)


Message History

Things that are here:
a quarterstaff of chaos; a cloak There isn't anything to butcher here.
Eating one of 2 chunks of flesh.
You eat one of the 2 chunks of flesh.
This raw flesh tastes terrible.
You feel a strong urge to attack something.
You are no longer berserk.
You are exhausted.
You feel as though you will be slow longer.
You can't go up here!
You see here 20 stones.
All of the chunks of flesh in your inventory have rotted away.
There is a stone staircase leading up here.
You climb upwards.
There is a stone staircase leading down here.
You recover from your berserk rage.
You feel yourself speed up.
There is a staircase leading out of the dungeon here.
Are you sure you want to leave the Dungeon?
This will make you lose the game!
You have escaped!

#(............#....#.#.##.
#.....).......###.##.#.##.
##########....###.##.#..#.
#...............##.#....
##########.##.....###...###.#...#
...........###.#.## ##.## #.#.#.#
.........#####..### ##.# #.#.#..
.#######.###......## #..###.#.##.
....# #.##.....@..###...##.#.##.
###.# #.#..##.....##...###......
#.# #...#####.........##......
#.# #...######...#....##......
#.# #.#....###...##...........
#.# #.##...#...#####..#.......
#.# #.##.....### ##..#.#..... #.#
#.###...## #..##.#..... #.# #.#
#..[### ##..##.#.....


There were no monsters in sight!

Vanquished Creatures
  Crazy Yiuf (D:2)
  Natasha (thrice) (D:2)
  An adder (D:2)
  A worm (D:2)
  A dart slug (D:1)
  A leopard gecko (D:2)
  2 giant cockroaches (D:1)
  2 goblins
  9 hobgoblins
  2 bats
  3 frilled lizards
  A kobold (D:1)
  4 rats
31 creatures vanquished.

Notes
Turn   | Place    | Note
-------+----------+-------------------------------------------
     0 | D:1      | Alarkh the Demonspawn Berserker began the quest for the Orb.
     0 | D:1      | Reached XP level 1. HP: 18/18 MP: 1/1
   244 | D:1      | Reached skill level 3 in Axes
   589 | D:1      | Gained mutation: Your movements are slightly less encumbered by armour. (ER -2) [demonic ancestry]
   589 | D:1      | Reached XP level 2. HP: 15/24 MP: 2/2
  1643 | D:2      | Reached XP level 3. HP: 21/29 MP: 3/3
  2058 | D:2      | Reached skill level 4 in Axes
  2211 | D:2      | Noticed Natasha
  2219 | D:2      | Killed Natasha
  2223 | D:2      | Reached ** piety under Trog
  2302 | D:2      | Noticed Natasha
  2309 | D:2      | Killed Natasha
  2309 | D:2      | Reached XP level 4. HP: 35/35 MP: 4/4
  2452 | D:2      | Found a runed door.
  2484 | D:2      | Noticed Natasha
  2484 | D:2      | Noticed Crazy Yiuf
  2488 | D:2      | Killed Natasha
  2488 | D:2      | Reached skill level 5 in Axes
  2492 | D:2      | Killed Crazy Yiuf
  2492 | D:2      | Gained mutation: You are partially covered in sharp spines. [demonic ancestry]
  2492 | D:2      | Reached XP level 5. HP: 41/41 MP: 5/5
  2556 | D:$      | Got out of the dungeon alive.

Vault maps used:
D:1:      dpeg_arrival_arbitrary_b, minmay_misc_feat_iff
D:2:      uniq_natasha, uniq_crazy_yiuf_cottage

Skill      XL: |  1  2  3  4 |
---------------+-------------+-----
Axes           | 3 4 5 |  5.3
Fighting       | |  3.0
Armour         | |  1.7
Dodging        | |  1.7

Action                   |  1- 3 |  4- 6 || total
-------------------------+-------+-------++-------
Melee: Hand axe          |    95 |     6 ||   101
Invok: Berserk           |     4 |     1 ||     5
  Use: Potion            |       |     1 ||     1
 Stab: Sleeping          |     2 |       ||     2
  Eat: Chunk             |     7 |     3 ||    10
Armor: Animal skin       |    18 |       ||    18
Dodge: Dodged            |    51 |     4 ||    55
